 Dungeon Crawl Stone Soup version 0.21.1-1-g345015f (webtiles) character file.

107 supercigar the Skirmisher (level 4, -1/40 HPs)
             Began as a Hill Orc Fighter on June 20, 2018.
             Was an Initiate of Gozag.
             Killed from afar by an orc wizard (7 damage)
             ... with a magic dart
             ... on level 3 of the Dungeon.
             The game lasted 00:17:51 (2490 turns).

supercigar the Skirmisher (Hill Orc Fighter)        Turns: 2490, Time: 00:17:52

Health: -1/40      AC:  7    Str: 19    XL:     4   Next: 86%
Magic:  4/4        EV:  8    Int:  8    God:    Gozag
Gold:   98         SH:  0    Dex: 10    Spells: 3/3 levels left

rFire    . . .     SeeInvis .   o - +2 short sword (freeze)
rCold    + . .     Gourm    .   c - +0 shield
rNeg     . . .     Faith    .   v - +2 ring mail {rF+}
rPois    .         Spirit   .   (no helmet)
rElec    .         Reflect  .   (no cloak)
rCorr    .         Harm     .   (no gloves)
MR       .....     Rnd*Tele +   (no boots)
Stlth    ..........             (no amulet)
HPRegen  0.13/turn              m - ring of ice
MPRegen  0.09/turn              w - ring of teleportation

@: confused, gold aura
A: no striking features
a: Potion Petition, Call Merchant, Bribe Branch, Renounce Religion


You were on level 3 of the Dungeon.
You worshipped Gozag.
Gozag was noncommittal.
You were not hungry.

You visited 1 branch of the dungeon, and saw 3 of its levels.

You collected 139 gold pieces.
You paid 41 gold pieces to Gozag.

Inventory:

Hand Weapons
 a - a +0 long sword
 d - a +0 short sword
 g - a +0 club
 o - a +2 short sword of freezing (weapon)
 q - a +2 dagger of venom
 y - a +0 flail
Missiles
 e - 42 stones (quivered)
 l - a throwing net
Armour
 b - a +0 scale mail
 c - a +0 shield (worn)
 t - a +0 chain mail
 v - a +2 ring mail of fire resistance (worn)
Jewellery
 m - a ring of ice (left hand)
 w - a ring of teleportation (right hand)
Scrolls
 i - a scroll of remove curse
Comestibles
 f - 3 rations


   Skills:
 + Level 4.2 Fighting
 + Level 1.1(2.1) Short Blades
 + Level 3.0(3.1) Long Blades
 + Level 3.9 Armour
 + Level 0.5 Dodging
 + Level 4.2 Shields


You had 3 spell levels left.
You didn't know any spells.

Dungeon Overview and Level Annotations

Branches:
Dungeon (3/15)

Altars:
Gozag
Wu Jian


Message History

You hear some strange, mumbled words.
A magic dart appears from out of thin air!
The magic dart hits you!
* * * LOW HITPOINT WARNING * * *
You bump into the rock wall.
The kobold is no longer distracted by gold.
The kobold is distracted by the nearby gold.
The quokka is distracted by the nearby gold.
The leopard gecko barely misses you. Something hits you but does no damage.
You bump into the rock wall.
The goblin is no longer distracted by gold.
The kobold is no longer distracted by gold.
The quokka is no longer distracted by gold.
The quokka is distracted by the nearby gold.
The leopard gecko bites you but does no damage.
You hear some strange, mumbled words.
A magic dart appears from out of thin air!
The magic dart hits you!
You die...
Your body crumbles into a pile of gold.

#..#..# ......## .
#..#..##########.#.$
...##..##.....#w..r...g.
.......<$....J$l(#..###
.......###.##$$### .K.
..####..$..###$.##### .
#.$..{#####......#
.....##@lKgrwK......#
.##.# #####gl........ #.
#.......... #l
#.......... ...........
.#..........
#.#.........# #
..........


You could see a dart slug, a leopard gecko, a quokka (unaware), a hobgoblin, a
goblin, 2 kobolds and a frilled lizard.

Vanquished Creatures
  Terence (D:2)
  An adder (D:3)
  2 oozes (D:1)
  An adder skeleton (D:2)
  A worm (D:2)
  3 dart slugs (D:1)
  A leopard gecko (D:1)
  4 orcs (D:3)
  2 bats (D:1)
  3 giant cockroaches
  9 goblins
  3 hobgoblins
  2 jackals (D:3)
  A quokka (D:2)
  5 frilled lizards
  5 kobolds
  6 rats
50 creatures vanquished.

Vanquished Creatures (others)
  A goblin (D:1)
1 creature vanquished.

Grand Total: 51 creatures vanquished

Notes
Turn   | Place    | Note
-------+----------+-------------------------------------------
     0 | D:1      | supercigar the Hill Orc Fighter began the quest for the Orb.
     0 | D:1      | Reached XP level 1. HP: 19/19 MP: 1/1
    58 | D:1      | Reached XP level 2. HP: 25/27 MP: 2/2
   461 | D:1      | Reached XP level 3. HP: 33/33 MP: 3/3
  1575 | D:2      | Noticed Terence
  1612 | D:2      | Killed Terence
  1612 | D:2      | Reached XP level 4. HP: 22/40 MP: 4/4
  1822 | D:2      | Found an opulent altar of Gozag.
  1841 | D:2      | Became a worshipper of Gozag Ym Sagoz the Greedy
  1963 | D:2      | Found an ornate altar of the Wu Jian Council.
  2133 | D:2      | Reached skill level 1 in Short Blades
  2490 | D:3      | Killed from afar by an orc wizard

Skill      XL: |  1  2  3  4 |
---------------+-------------+-----
Fighting       | 4 |  4.2
Long Blades    | 3 |  3.0
Shields        | 4 |  4.2
Short Blades   | 1 |  1.1
Armour         | |  3.9
Dodging        | |  0.5

Action                   |  1- 3 |  4- 6 || total
-------------------------+-------+-------++-------
Melee: Long sword        |    41 |       ||    41
       Short sword       |    72 |    94 ||   166
Invok: Potion Petition   |       |     1 ||     1
  Use: Potion            |     2 |     5 ||     7
       Scroll            |       |     5 ||     5
  Eat: Chunk             |     2 |     1 ||     3
       Ration            |       |     1 ||     1
Armor: Scale mail        |    33 |       ||    33
       Chain mail        |    15 |       ||    15
       Skin              |       |    99 ||    99
       Ring mail         |       |    50 ||    50
Dodge: Dodged            |    24 |    41 ||    65
Block: Shield            |    36 |    76 ||   112
       Rpst.: Long sword |     5 |       ||     5
